 Dungeon Crawl Stone Soup version 0.29.1-1-gd02db6906a (webtiles) character file.

Game seed: 3449931505397078991

98 Earthwalker the Trooper (level 4, -1/40 HPs)
             Began as a Hill Orc Abyssal Knight on Oct 14, 2022.
             Was a Priest of Lugonu.
             Slain by Robin
             ... wielding a +0 short sword
              (2 damage)
             ... on level 2 of the Dungeon.
             The game lasted 00:03:34 (1910 turns).

Earthwalker the Trooper (Hill Orc Abyssal Knight)   Turns: 1910, Time: 00:03:35

Health: -1/40      AC:  3    Str: 17    XL:     4   Next: 69%
Magic:  6/6        EV: 11    Int: 10    God:    Lugonu [***...]
Gold:   184        SH:  0    Dex: 11    Spells: 3/3 levels left

rFire   . . .      SeeInvis .   a - +1 hand axe
rCold   + . .      Faith    .   (no shield)
rNeg    . . .      Spirit   .   b - +0 leather armour
rPois   .          Reflect  .   (no helmet)
rElec   .          Harm     .   (no cloak)
rCorr   .          Rampage  .   (no gloves)
Will    .....                   (no boots)
Stlth   +.........              (no amulet)
HPRegen 0.13/turn               j - ring of protection from cold
MPRegen 0.10/turn               (no ring)

@: no status effects
A: no striking features
a: Renounce Religion, Depart the Abyss, Bend Space, Banish


You were on level 2 of the Dungeon.
You worshipped Lugonu.
Lugonu was most pleased with you.
You visited 1 branch of the dungeon, and saw 2 of its levels.
You visited the Abyss 1 time.

You collected 184 gold pieces.

Inventory:

Hand Weapons
 a - a +1 hand axe (weapon)
Missiles
 e - 24 stones
 g - 8 atropa-tipped darts
 k - 4 boomerangs
Armour
 b - a +0 leather armour (worn)
Jewellery
 j - a ring of protection from cold (left hand)
Wands
 h - a wand of polymorph (3)
Scrolls
 i - a scroll of amnesia {unknown}
 l - a scroll of teleportation
 m - a scroll of noise {unknown}
 o - a scroll of blinking {unknown}
 p - a scroll of identify {unknown}
Potions
 c - a potion of curing {unknown}
 d - a potion of resistance {unknown}
 f - a potion of ambrosia {unknown}
 n - 3 potions of attraction {unknown}


   Skills:
 * Level 4.1 Fighting
 * Level 3.4 Axes
 * Level 2.9 Armour
 * Level 1.4 Dodging
 * Level 1.6 Shields
 * Level 3.4 Invocations


You had 3 spell levels left.
You didn't know any spells.
Your spell library contained the following spells:

 Spells                   Type           Power      Damage    Failure   Level
 Shock                    Conj/Air       0%         1d3       41%         1
 Swiftness                Air            0%         N/A       80%         3
 Airstrike                Air            0%         2d(0-16)  99%         4


Dungeon Overview and Level Annotations

Branches:
Dungeon (2/15)

Altars:

Annotations:
D:2 Robin


Message History

You hit the goblin. x2; A nearby plant withers and dies.
The goblin barely misses you. The goblin hits you with a +0 club.
You hit the goblin.
You kill the goblin!
Lugonu accepts your kill.
You barely miss the goblin. The goblin hits you with a +0 club.
You hit Robin but do no damage. You closely miss the goblin.
Robin hits you with a +0 short sword.
* * * LOW HITPOINT WARNING * * *
The goblin completely misses you.
You hit Robin but do no damage. You hit the goblin.
You kill the goblin!
Lugonu accepts your kill. Robin hits you with a +0 short sword.
* * * LOW HITPOINT WARNING * * *
You hit Robin.
Robin is moderately wounded.
Robin hits you but does no damage. Robin hits you with a +0 short sword.
* * * LOW HITPOINT WARNING * * *
You closely miss Robin.
Robin is moderately wounded.
Robin misses you.
You hit Robin.
Robin is heavily wounded.
Robin hits you with a +0 short sword.
* * * LOW HITPOINT WARNING * * *
You closely miss Robin.
Robin is heavily wounded.
Robin hits you but does no damage.
You hit Robin.
Robin is heavily wounded.
Robin hits you but does no damage.
You slash Robin!
Robin is almost dead.
Robin hits you but does no damage.
You hit Robin but do no damage.
Robin is almost dead.
Robin says, "A pitiful Hill Orc like you will never find the ORB!"
Robin hits you with a +0 short sword.
You die...

#.# #.#..
#.#.# #.#.~
#.#.. ♣♣
#.#.~
#.#.#.~
P.#.# #.#.#~
~ ~~#.#
#.#.~ ~P
~♣#.#
#.#.♣♣~♣~~
♣~.#
###.#)~~~~~~
♣♣..
#..)@g~~P~≈≈
♣..
#####♣~♣~~≈≈
≈~~~## ~~ ≈
≈~~~♣ # ~≈≈
≈≈≈~♣ # ≈≈≈
≈≈≈≈ # ≈≈
≈≈≈ #
≈≈≈≈≈~P #
≈≈≈≈≈≈P #
≈≈≈≈≈≈~ #


You could see Robin.

Vanquished Creatures
  Terence (D:2)
  3 worms (D:2)
  3 ball pythons
  6 bats
  5 endoplasms (D:1)
  A giant cockroach (D:1)
  17 goblins
  7 hobgoblins
  4 jackals (D:1)
  A kobold (D:1)
  2 quokkas (D:1)
  2 frilled lizards
  2 rats (D:1)
54 creatures vanquished.

Vanquished Creatures (others)
  57 plants (D:2)
57 creatures vanquished.

Grand Total: 111 creatures vanquished

Notes
Turn   | Place    | Note
-------+----------+-------------------------------------------
     0 | Abyss:1  | Earthwalker the Hill Orc Abyssal Knight began the quest for
                  | the Orb.
     0 | Abyss:1  | Reached XP level 1. HP: 19/19 MP: 2/2
     1 | D:1      | Escaped the Abyss
   284 | D:1      | Reached skill level 1 in Dodging
   284 | D:1      | Reached XP level 2. HP: 27/27 MP: 3/3
   611 | D:1      | Found a faded altar of an unknown god.
   689 | D:1      | Reached skill level 1 in Shields
   693 | D:1      | Reached *** piety under Lugonu
   694 | D:1      | Reached XP level 3. HP: 26/33 MP: 5/5
  1157 | D:2      | Noticed Terence
  1170 | D:2      | Killed Terence
  1171 | D:2      | Reached skill level 4 in Fighting
  1171 | D:2      | Reached XP level 4. HP: 40/40 MP: 6/6
  1888 | D:2      | Noticed Robin
  1906 | D:2      | HP: 1/40 [Robin/+0 short sword (4)]
  1910 | D:2      | Slain by Robin

Illustrated notes

Levels and vault maps discovered:
D:1:      scummos_arrival_gate, layout_loops_ring,
          dreamdust_ecumenical_altar_grove
D:2:      cheibrodos_greedy_goblins, layout_basic, serial_bayou,
          serial_bayou_pond_c, serial_bayou_lake_a, serial_bayou_lagoon_a,
          serial_bayou_pond_d, uniq_robin, uniq_terence

Skill      XL: |  1  2  3 |
---------------+----------+-----
Dodging        | 1 |  1.4
Axes           | 3 |  3.4
Shields        | 1 |  1.6
Fighting       | 4 |  4.1
Invocations    | 3 |  3.4
Armour         | |  2.9

Action                   |  1- 3 |  4- 6 || total
-------------------------+-------+-------++-------
Melee: Hand axe          |    60 |    72 ||   132
       Punch             |     1 |       ||     1
       Unarmed           |    11 |       ||    11
  Use: Scroll            |     2 |       ||     2
 Stab: Sleeping          |     1 |       ||     1
Armor: Leather armour    |    18 |    20 ||    38
Dodge: Dodged            |    49 |    36 ||    85
